 Dungeon Crawl Stone Soup version 0.24-a0-361-g57161393b2 (webtiles) character file.

Game seed: 1459092245807643847

46989 Bikalo the Earth Mage (level 14, -13/92 HPs)
             Began as a Gargoyle Earth Elementalist on May 26, 2019.
             Was a High Priest of Vehumet.
             Mangled by a very large slime creature (53 damage)
             ... on level 13 of the Dungeon.
             The game lasted 01:12:56 (20965 turns).

Bikalo the Earth Mage (GrEE)                       Turns: 20965, Time: 01:12:56

Health: -13/92     AC: 21    Str: 20    XL:     14   Next: 40%
Magic:  16/29      EV: 20    Int: 19    God:    Vehumet [*****.]
Gold:   787        SH:  7    Dex: 13    Spells: 5/36 levels left

rFire    + . .     SeeInvis +   b - +9 trident "Nonyfas" {pain, Str+6 Dex+3}
rCold    . . .     Gourm    .   i - +2 buckler
rNeg     + . .     Faith    .   z - +2 robe {rF+}
rPois    ∞         Spirit   .   U - +3 hat of Impermeability {MR++}
rElec    +         Reflect  .   w - +2 cloak
rCorr    .         Harm     .   (no gloves)
MR       +++..                  Q - +0 pair of boots
Stlth    ++........             I - amulet of magic regeneration
HPRegen  0.25/turn              p - +4 ring of evasion
MPRegen  0.46/turn              G - ring of see invisible

@: about to teleport, flying, starving
A: big wings, negative energy resistance 1, electricity resistance, unbreathing,
petrification resistance, rot immunity, subdued magic 1, AC +10
a: Stop Flying, Renounce Religion


You were on level 13 of the Dungeon.
You worshipped Vehumet.
Vehumet was extremely pleased with you.
You were starving.

You visited 3 branches of the dungeon, and saw 16 of its levels.

You collected 1707 gold pieces.
You spent 920 gold pieces at shops.

Inventory:

Hand Weapons
 b - the +9 trident "Nonyfas" (weapon) {pain, Str+6 Dex+3}
   (You found it on level 9 of the Dungeon)

   In the hands of one skilled in necromantic magic, it inflicts extra damage on
   living creatures.
   It affects your strength (+6).
   It affects your dexterity (+3).
 u - a +0 dagger of venom
 A - a +0 dagger of speed
 D - a +4 spear of venom
Missiles
 g - 79 stones (quivered)
Armour
 c - a +0 robe
 i - a +2 buckler (worn)
 m - a scarf of spirit shield
 n - a +0 helmet
 w - a +2 cloak (worn)
 z - a +2 robe of fire resistance (worn)
 K - a +2 hat of magic resistance
 L - a +0 troll leather armour
 Q - a +0 pair of boots (worn)
 U - the +3 hat of Impermeability (worn) {MR++}
   (You found it on level 12 of the Dungeon)

   It affects your resistance to hostile enchantments.
Jewellery
 p - a +4 ring of evasion (left hand)
 v - a +3 ring of strength
 x - an uncursed ring of wizardry
 G - a ring of see invisible (right hand)
 H - an uncursed amulet of harm
 I - an amulet of magic regeneration (around neck)
 M - a +2 ring of slaying
 S - an uncursed ring of positive energy
Wands
 q - a wand of iceblast (16)
 y - a wand of flame (12)
 C - a wand of random effects (20)
 E - a wand of polymorph (4)
 F - a wand of digging (6)
 N - a wand of enslavement (10)
 O - a wand of disintegration (11)
Scrolls
 a - 4 scrolls of remove curse
 e - a scroll of identify
 f - 14 scrolls of teleportation
 k - 3 scrolls of blinking
 o - 2 scrolls of enchant armour
 r - a scroll of enchant weapon
 s - 3 scrolls of amnesia
Potions
 h - 4 potions of brilliance
 j - a potion of ambrosia
 l - 4 potions of curing
 t - 2 potions of haste
 B - 4 potions of flight
 R - 3 potions of heal wounds
 V - a potion of agility
Comestibles
 d - 10 rations
 J - 7 chunks of flesh


   Skills:
 + Level 12.9 Fighting
 - Level 1.0 Polearms
 + Level 8.0 Dodging
 - Level 2.3 Stealth
 - Level 4.0 Shields
 - Level 0.1 Unarmed Combat
 + Level 11.6 Spellcasting
 - Level 3.0 Conjurations
 - Level 1.1 Transmutations
 - Level 4.0 Fire Magic
 + Level 15.8 Earth Magic


You had 5 spell levels left.
You knew the following spells:

 Your Spells              Type           Power        Failure   Level  Hunger
a - Sandblast             Erth           ######       0%          1    None
b - Stone Arrow           Conj/Erth      #####.       1%          3    None
c - Lee's Rapid Deconstr  Erth           ######....   1%          5    ####...
d - Petrify               Tmut/Erth      ####....     1%          4    ##.....
e - Conjure Flame         Conj/Fire      ###.....     1%          3    None
f - Bolt of Magma         Conj/Fire/Erth ####......   1%          5    ####...
g - Passwall              Tmut/Erth      ####....     1%          2    None
h - Iron Shot             Conj/Erth      #####.....   4%          6    ######.
i - Blink                 Tloc           N/A          8%          2    None

Your spell library contained the following spells:

 Spells                   Type           Power        Failure   Level  Hunger
 Fulminant Prism          Conj/Hex       ##........   9%          4    ##.....
 Magic Dart               Conj           ###.         1%          1    None
 Dazzling Spray           Conj/Hex       ##....       2%          3    None
 Mephitic Cloud           Conj/Pois/Air  ##......     3%          3    None
 Corona                   Hex            #......      4%          1    None
 Call Imp                 Summ           #.......     8%          2    None
 Ensorcelled Hibernation  Hex/Ice        #.....       8%          2    None
 Slow                     Hex            #.......     8%          2    None
 Confuse                  Hex            #.......     16%         3    None
 Tukima's Dance           Hex            #.......     16%         3    None
 Iskenderun's Battlesphe  Conj/Chrm      ##......     21%         5    ####...
 Venom Bolt               Conj/Pois      ##........   21%         5    ####...
 Orb of Destruction       Conj           ###.......   96%         7    #######
 Spellforged Servitor     Conj/Summ      ##........   99%         7    #######


Dungeon Overview and Level Annotations

Branches:
Dungeon (13/15)            Temple (1/1) D:7            Lair (0/6) D:10
    Orc (2/2) D:10            Elf (0/3) Orc:2
 Vaults: D:13-14

Altars:
Ashenzari
Dithmenos
Fedhas
Hepliaklqana
Kikubaaqudgha
Nemelex Xobeh
Okawaru
Qazlal
Ru
Sif Muna
Vehumet
Wu Jian
Xom
Beogh
Lugonu

Shops:
D:10 *   Orc:2 :**:

Annotations:
D:12 M


Innate Abilities, Weirdness & Mutations

You are resistant to torment.
Your stone body is resilient. (AC +10)
You are immune to poison.
Your large and strong wings let you fly indefinitely.
You resist negative energy. (rN+)
You are resistant to electric shocks. (rElec)
You can survive without breathing.
You are immune to petrification.
You are immune to rotting.
Your spells are a little easier to cast, but a little less powerful.


Message History

The slime creature is heavily wounded.
The very large slime creature misses you.
The slime creature barely misses you.
You hit the slime creature but do no damage.
The slime creature is heavily wounded.
The very large slime creature hits you but does no damage.
The slime creature closely misses you.
You hit the slime creature.
The slime creature is heavily wounded.
The very large slime creature barely misses you.
The slime creature completely misses you.
As you read the scroll of teleportation, it crumbles to dust.
You feel strangely unstable.
The very large slime creature misses you.
The slime creature misses you.
You puncture the slime creature!
The slime creature is severely wounded.
The very large slime creature hits you!!!
Ouch! That really hurt!
You die... .........K.K........ ####.......K........ #.#######KK.#### #.. #...# .... #)..# ###.. #J..# #...# ######K).# ####### #@JKKKKK)#

#.. ..#
#J#K###)####.# #.#
#.##.#.##()...#.###.#
#......#(........#.#
#.##.#..((....#.#.#.#
#.####.....)......
#...........#####.
#######.###.# #. #.#
#.# #.


You could see a very large slime creature, a slime creature, a big kobold and 6
kobolds.

Vanquished Creatures
  Gastronok (D:11)
  An orc warlord (Orc:2)
  The ghost of bosakos the Carver, a journeyman MiFi of Okawaru (D:13)
  The ghost of Zigma the Grappler, a journeyman DrTm of Yredelemnul (D:11)
  2 centaur warriors
  12 two-headed ogres
  3 death yaks
  A tengu warrior (D:9)
  5 orc high priests (Orc:2)
  Urug (D:12)
  Nergalle (D:12)
  4 orc knights
  A cyclops (D:12)
  2 ugly things (D:11)
  A deep elf mage (D:13)
  3 orc sorcerers (Orc:2)
  Maurice (D:12)
  A rust devil (D:9)
  2 orange demons (D:9)
  5 kobold demonologists
  A tengu conjurer (D:9)
  4 trolls
  2 hippogriffs (D:11)
  A slime creature (D:13)
  Sigmund (D:6)
  2 wyverns (D:11)
  9 yaks
  A wraith (D:10)
  A shadow (D:12)
  2 hungry ghosts
  A steam dragon (D:8)
  4 humans (D:8)
  A warg (Orc:2)
  A water moccasin (D:10)
  52 orc warriors
  5 ice beasts
  16 ogres
  3 sky beasts
  2 eyes of draining
  3 phantoms
  A black bear (D:6)
  17 centaurs
  A necrophage (D:6)
  A crocodile (D:8)
  14 big kobolds
  2 gnoll sergeants
  8 bullfrogs
  4 scorpions
  14 killer bees
  2 vampire bats (D:5)
  9 wights
  5 howler monkeys
  A spectral centaur (D:11)
  A spectral bullfrog (D:11)
  A centaur zombie (D:9)
  2 bullfrog zombies
  6 crimson imps
  A centaur skeleton (D:7)
  5 jellies
  A quasit (D:11)
  4 bullfrog skeletons
  33 orc priests
  2 wyvern simulacra (D:11)
  3 hounds
  6 iron imps (D:9)
  4 iguanas
  31 orc wizards
  7 worker ants
  2 hound zombies
  A howler monkey zombie (D:5)
  3 worker ant zombies
  8 gnolls
  15 adders
  A shadow imp (D:6)
  3 oozes
  2 adder skeletons
  6 dart slugs
  3 leopard geckos
  145 orcs
  4 giant cockroaches
  9 goblins
  20 hobgoblins
  9 jackals
  8 quokkas
  4 ball pythons
  12 bats
  3 frilled lizards
  A jackal zombie (D:7)
  25 kobolds
  A leopard gecko zombie (D:7)
  2 quokka skeletons
  7 rats
641 creatures vanquished.

Notes
Turn   | Place    | Note
-------+----------+-------------------------------------------
     0 | D:1      | Bikalo the Gargoyle Earth Elementalist began the quest for
                  | the Orb.
     0 | D:1      | Reached XP level 1. HP: 10/10 MP: 3/3
   231 | D:1      | Reached skill level 4 in Earth Magic
   234 | D:1      | Reached XP level 2. HP: 15/15 MP: 1/5
   351 | D:1      | Reached XP level 3. HP: 8/19 MP: 0/6
   435 | D:1      | Found an iron altar of Okawaru.
   861 | D:1      | Learned a level 3 spell: Stone Arrow
   886 | D:2      | Found a shadowy altar of Dithmenos.
  1295 | D:2      | Reached XP level 4. HP: 19/24 MP: 5/8
  1607 | D:3      | Reached skill level 5 in Earth Magic
  1757 | D:3      | Reached XP level 5. HP: 28/28 MP: 5/10
  2059 | D:3      | Reached skill level 6 in Earth Magic
  2059 | D:3      | Reached XP level 6. HP: 21/32 MP: 6/12
  2469 | D:4      | Noticed a phantom
  2494 | D:4      | Killed a phantom
  2526 | D:4      | Reached XP level 7. HP: 27/36 MP: 6/14
  2539 | D:4      | Reached skill level 5 in Spellcasting
  2539 | D:4      | Reached skill level 7 in Earth Magic
  3374 | D:4      | Learned a level 5 spell: Lee's Rapid Deconstruction
  3379 | D:4      | Learned a level 4 spell: Petrify
  3443 | D:5      | Entered Level 5 of the Dungeon
  3473 | D:5      | Reached skill level 1 in Conjurations
  3518 | D:5      | Reached skill level 8 in Earth Magic
  3518 | D:5      | Reached XP level 8. HP: 41/41 MP: 10/16
  3972 | D:5      | Reached skill level 1 in Shields
  4188 | D:6      | Noticed Sigmund
  4357 | D:6      | Reached skill level 1 in Fighting
  4376 | D:6      | Reached skill level 9 in Earth Magic
  4454 | D:6      | Reached XP level 9. HP: 43/50 MP: 11/18
  4636 | D:6      | Killed Sigmund
  5110 | D:7      | Reached skill level 10 in Earth Magic
  5165 | D:7      | Reached skill level 5 in Fighting
  5404 | D:7      | Found a staircase to the Ecumenical Temple.
  5430 | Temple   | Entered the Ecumenical Temple
  5439 | Temple   | Became a worshipper of Vehumet
  5473 | D:7      | Reached skill level 1 in Transmutations
  6133 | D:8      | Reached skill level 11 in Earth Magic
  6133 | D:8      | Reached XP level 10. HP: 58/61 MP: 16/19
  6199 | D:8      | Reached * piety under Vehumet
  6199 | D:8      | Offered knowledge of Sting by Vehumet.
  6533 | D:8      | Noticed a two-headed ogre
  6897 | D:8      | Killed a two-headed ogre
  7599 | D:8      | Reached skill level 12 in Earth Magic
  8415 | D:9      | Noticed an orange demon
  8415 | D:9      | Noticed a rust devil
  8415 | D:9      | Noticed an orange demon
  8467 | D:9      | Found a corrupted altar of Lugonu.
  8487 | D:9      | Killed an orange demon
  8724 | D:9      | Killed an orange demon
  8751 | D:9      | Reached ** piety under Vehumet
  8758 | D:9      | Offered knowledge of Throw Flame by Vehumet.
  8957 | D:9      | Reached XP level 11. HP: 64/69 MP: 10/23
  9148 | D:9      | Got a scorched trident
  9149 | D:9      | Identified the +9 trident "Nonyfas" {pain, Str+6 Dex+3}
                  | (You found it on level 9 of the Dungeon)
  9196 | D:9      | Noticed a two-headed ogre
  9206 | D:9      | Killed a two-headed ogre
  9938 | D:9      | Reached skill level 1 in Polearms
  9943 | D:9      | Offered knowledge of Searing Ray by Vehumet.
 10031 | D:9      | Noticed a two-headed ogre
 10040 | D:9      | Noticed a tengu warrior
 10042 | D:9      | Killed a two-headed ogre
 10050 | D:9      | Killed a tengu warrior
 10050 | D:9      | Reached skill level 13 in Earth Magic
 10131 | D:9      | Reached *** piety under Vehumet
 10539 | D:10     | Entered Level 10 of the Dungeon
 10547 | D:10     | Noticed a death yak
 10553 | D:10     | Noticed a death yak
 10571 | D:9      | Killed a death yak
 11071 | D:10     | Noticed a death yak
 11092 | D:10     | Killed a death yak
 11416 | D:9      | Killed a death yak
 11416 | D:9      | Reached skill level 10 in Fighting
 11584 | D:10     | Found Yklot's General Store.
 11606 | D:10     | Reached XP level 12. HP: 77/77 MP: 8/25
 11752 | D:10     | Found a staircase to the Lair.
 11793 | D:10     | Offered knowledge of Conjure Flame by Vehumet.
 11815 | D:10     | Reached **** piety under Vehumet
 12013 | D:10     | Learned a level 3 spell: Conjure Flame
 12194 | D:10     | Offered knowledge of Bolt of Magma by Vehumet.
 12297 | D:10     | Found a staircase to the Orcish Mines.
 12461 | Orc:1    | Entered Level 1 of the Orcish Mines
 12658 | Orc:2    | Entered Level 2 of the Orcish Mines
 12666 | Orc:2    | Noticed a two-headed ogre
 12980 | Orc:2    | Killed a two-headed ogre
 13124 | Orc:2    | Noticed a two-headed ogre
 13138 | Orc:2    | Killed a two-headed ogre
 13138 | Orc:2    | Reached skill level 5 in Dodging
 13177 | Orc:2    | Noticed a two-headed ogre
 13187 | Orc:2    | Killed a two-headed ogre
 13198 | Orc:2    | Noticed a two-headed ogre
 13602 | Orc:2    | Killed a two-headed ogre
 13602 | Orc:2    | Reached skill level 14 in Earth Magic
 13611 | Orc:2    | Learned a level 5 spell: Bolt of Magma
 13871 | Orc:2    | Noticed an orc high priest
 13890 | Orc:2    | Killed an orc high priest
 13890 | Orc:2    | Reached skill level 10 in Spellcasting
 13890 | Orc:2    | Reached skill level 1 in Fire Magic
 13978 | Orc:2    | Noticed an orc warlord
 14635 | Orc:2    | Killed an orc warlord
 14795 | Orc:2    | Reached ***** piety under Vehumet
 14800 | Orc:2    | Offered knowledge of Venom Bolt by Vehumet.
 14863 | Orc:2    | Learned a level 2 spell: Passwall
 14942 | Orc:2    | Found a roughly hewn altar of Beogh.
 14976 | Orc:2    | Noticed a two-headed ogre
 15023 | Orc:2    | Noticed a sun demon
 15023 | Orc:2    | Killed a two-headed ogre
 15023 | Orc:2    | Reached XP level 13. HP: 84/84 MP: 20/27
 15089 | Orc:2    | Found Hinyrph's Book Emporium.
 15152 | Orc:2    | Bought a book of Power for 720 gold pieces
 15159 | Orc:2    | Learned a level 6 spell: Iron Shot
 15165 | Orc:2    | Found Kabug's General Store.
 15876 | Orc:2    | Found a roughly hewn altar of Beogh.
 16182 | Orc:2    | Found Xuxt's Book Shoppe.
 16184 | Orc:2    | Gained mutation: Your spells are a little easier to cast,
                  | but a little less powerful. [a neqoxec]
 16422 | Orc:2    | Found Cerenote's Assorted Antiques.
 16440 | Orc:2    | Bought a dented copper amulet for 200 gold pieces
 16975 | Orc:2    | Found a staircase to the Elven Halls.
 18370 | D:11     | Reached skill level 15 in Earth Magic
 18548 | D:11     | Found a blossoming altar of Fedhas.
 18707 | D:11     | Found a runed translucent gate.
 18708 | D:11     | Found a runed translucent gate.
 18716 | D:11     | Found a runed translucent gate.
 18718 | D:11     | Noticed Zigma's ghost (journeyman DrTm)
 18744 | D:11     | Killed Zigma's ghost
 19042 | D:11     | Noticed Gastronok
 19058 | D:11     | Killed Gastronok
 19058 | D:11     | Offered knowledge of Fulminant Prism by Vehumet.
 19058 | D:11     | Gained mutation: Your large and strong wings let you fly
                  | indefinitely. [Gargoyle growth]
 19058 | D:11     | Reached XP level 14. HP: 65/92 MP: 3/29
 19248 | D:12     | Found a runed translucent gate.
 19248 | D:12     | Found a runed translucent gate.
 19248 | D:12     | Found a runed translucent gate.
 19249 | D:12     | Noticed bosakos's ghost (journeyman MiFi)
 19250 | D:12     | Noticed Maurice
 19558 | D:13     | Killed bosakos's ghost
 19800 | D:12     | Killed Maurice
 20000 | D:12     | Noticed Urug
 20002 | D:12     | Got a smoking hat
 20012 | D:12     | Killed Urug
 20169 | D:12     | Found a sparkling altar of Nemelex Xobeh.
 20170 | D:12     | Identified the +3 hat of Impermeability {MR++} (You found
                  | it on level 12 of the Dungeon)
 20296 | D:12     | Noticed Nergalle
 20305 | D:12     | Killed Nergalle
 20607 | D:12     | Learned a level 2 spell: Blink
 20965 | D:13     | Mangled by a very large slime creature

Levels and vault maps discovered:
D:1:      evilmike_arrival_rings, layout_basic, okawaru_ov_weapons_minmay
D:2:      layout_loops_ring, grunt_dithmenos_smoke, first_ration
D:3:      layout_loops_cross, kennysheep_potato
D:4:      layout_loops_cross
D:5:      layout_cave_pods, roderic_batcave
D:6:      layout_cave_pools, uniq_sigmund
D:7:      layout_cave_pools, minmay_temple_entry_ruins, grunt_ogre_cave
D:8:      layout_loops_ring, serial_bayou_pond_d, minmay_ruffians
D:9:      hangedman_cross_veins, layout_stronghold, lemuel_hellish_altar
D:10:     layout_roguey, dpeg_lair_monsters, david_orc_4, serial_shops, shop
D:11:     layout_roguey, gammafunk_ghost_necromancy, fedhas_altar_3,
          uniq_gastronok
D:12:     layout_roguey, gammafunk_ghost_nasty_kobolds, nemelex_altar_shiori,
          uniq_nergalle, uniq_urug, uniq_maurice
D:13:     layout_loops_cross, serial_shops, shop_fountains, uniq_frances
Temple:   compressed_dpeg_triangle_lava_temple
Orc:1:    cheibrodos_orc_bank, layout_caves
Orc:2:    pubby_orc_utopia

Skill      XL: |  1  2  3  4  5  6  7  8  9 10 11 12 13 14 |
---------------+-------------------------------------------+-----
Earth Magic    | 4 5 6 8 9 11 12 13 14 15 | 15.8
Dodging        | 2 4 5 7 8 |  8.0
Spellcasting   | 3 4 5 6 8 9 10 11 | 11.6
Conjurations   | 1 3 |  3.0
Shields        | 3 4 |  4.0
Fighting       | 3 6 8 10 11 12 | 12.9
Transmutations | 1 |  1.1
Polearms       | 1 |  1.0
Fire Magic     | 2 4 |  4.0
Stealth        | |  2.3
Unarmed Combat | |  0.1

Action                   |  1- 3 |  4- 6 |  7- 9 | 10-12 | 13-15 || total
-------------------------+-------+-------+-------+-------+-------++-------
Melee: Unarmed           |    29 |    19 |    10 |       |       ||    58
       Dagger            |       |       |    18 |    29 |       ||    47
       Spear             |       |       |       |    40 |       ||    40
       Trident           |       |       |       |   387 |   461 ||   848
 Cast: Sandblast         |    44 |    64 |   175 |    95 |     1 ||   379
       Stone Arrow       |       |     1 |     4 |   139 |    18 ||   162
       Lee's Rapid Decon |       |       |     7 |    50 |    49 ||   106
       Petrify           |       |       |     1 |    10 |       ||    11
       Bolt of Magma     |       |       |       |     8 |    11 ||    19
       Iron Shot         |       |       |       |       |    79 ||    79
 Abil: Fly               |       |       |       |       |     1 ||     1
  Use: Scroll            |       |     5 |     1 |     7 |     7 ||    20
       Potion            |       |       |     9 |       |     4 ||    13
 Stab: Sleeping          |     2 |     2 |       |     5 |     4 ||    13
       Petrified         |       |       |       |     2 |       ||     2
  Eat: Chunk             |     1 |     4 |     6 |    30 |    48 ||    89
       Ration            |       |       |     2 |     4 |     3 ||     9
Armor: Robe              |    13 |    10 |    49 |   144 |   141 ||   357
       Skin              |       |       |     4 |       |       ||     4
Dodge: Dodged            |    23 |    32 |   100 |   437 |   345 ||   937
Block: Buckler           |       |       |    42 |   196 |   189 ||   427

Table legend:
 A = Non-vault XP
 B = Vault XP
 C = Vault XP percentage of total XP
 D = Non-vault monster count
 E = Vault monster count
 F = Vault count percentage of total count
                 A         B        C        D         E       F
            +---------+---------+-------+---------+---------+-------
      Total |   25456 |   41672 |  62.1 |     381 |     260 |  40.6
            +---------+---------+-------+---------+---------+-------
        D:1 |      47 |       0 |   0.0 |      21 |       0 |   0.0
        D:2 |      68 |       0 |   0.0 |      22 |       0 |   0.0
        D:3 |     275 |      14 |   4.8 |      30 |       2 |   6.2
        D:4 |     596 |       0 |   0.0 |      22 |       0 |   0.0
        D:5 |     515 |     121 |  19.0 |      19 |       8 |  29.6
        D:6 |     942 |     227 |  19.4 |      15 |       1 |   6.2
        D:7 |    1682 |     112 |   6.2 |      40 |       1 |   2.4
        D:8 |    2539 |     770 |  23.3 |      33 |       4 |  10.8
        D:9 |    2502 |    6401 |  71.9 |      39 |      28 |  41.8
       D:10 |    1509 |    2309 |  60.5 |      34 |      21 |  38.2
       D:11 |    6614 |    3296 |  33.3 |      38 |       7 |  15.6
       D:12 |    4753 |    4303 |  47.5 |      39 |      14 |  26.4
       D:13 |    2348 |    1172 |  33.3 |      13 |       1 |   7.1
      Orc:1 |    1029 |     865 |  45.7 |      13 |      20 |  60.6
      Orc:2 |      37 |   22082 |  99.8 |       3 |     153 |  98.1
            +---------+---------+-------+---------+---------+-------
